 Dungeon Crawl Stone Soup version 0.29.1-2-gbd0b4ee654 (webtiles) character file.

Game seed: 16185391965627340478

116 Icepheonix32 the Insei (level 5, 0/49 HPs)
             Began as an Octopode Transmuter on Nov 18, 2022.
             Slain by a jackal (1 damage)
             ... on level 3 of the Dungeon.
             The game lasted 00:02:45 (2924 turns).

Icepheonix32 the Insei (Octopode Transmuter)        Turns: 2924, Time: 00:02:45

Health: 0/49       AC: 22    Str: 13    XL:     5   Next: 1%
Magic:  8/8        EV:  2    Int: 14    God:
Gold:   124        SH:  0    Dex: 14    Spells: 2/8 levels left

rFire   . . .      SeeInvis .     - Unarmed
rCold   . . .      Faith    .   (no shield)
rNeg    . . .      Spirit   .   (helmet currently unavailable)
rPois   +          Reflect  .   (no amulet)
rElec   .          Harm     .   (no ring)
rCorr   .          Rampage  .   (no ring)
Will    .....      NoTele   +   (no ring)
Stlth   +.........              (no ring)
HPRegen 0.00/turn               (no ring)
MPRegen 0.11/turn               (no ring)
                                (no ring)
                                (no ring)

@: tree-form, inhibited regen
A: stationary, stasis, torment immunity, boosted hp, almost no armour,
(amphibious), 8 rings, (camouflage 1), (gelatinous body 1), (nimble swimmer 1),
(tentacles), sense surroundings 1, inhibited regeneration, strong 1, wild magic
1
a: no special abilities


You were on level 3 of the Dungeon.
You were a tree.
You visited 1 branch of the dungeon, and saw 3 of its levels.

You collected 124 gold pieces.

Inventory:

Missiles
 l - 2 javelins
Jewellery
 d - a +6 ring of strength
Scrolls
 b - a scroll of poison
 c - a scroll of enchant armour
 f - a scroll of amnesia
 j - a scroll of magic mapping


   Skills:
 - Level 1.0 Fighting
 * Level 2.8 Dodging
 + Level 4.1 Unarmed Combat
 - Level 2.0 Spellcasting
 * Level 3.3 Transmutations
 * Level 0.6 Poison Magic


You had 2 spell levels left.
You knew the following spells:

 Your Spells              Type           Power      Damage    Failure   Level
a - Beastly Appendage     Tmut           28%        N/A       10%         1
b - Spider Form           Tmut/Pois      9%         N/A       41%         3
c - Wereblood             Tmut           14%        N/A       13%         2

Your spell library contained the following spells:

 Spells                   Type           Power      Damage    Failure   Level
 Ice Form                 Ice/Tmut       7%         N/A       82%         4


Dungeon Overview and Level Annotations

Branches:
Dungeon (3/15)

Altars:

Shops:
D:2 [


Innate Abilities, Weirdness & Mutations

You are a tree.
Your roots penetrate the ground, keeping you stationary.
You cannot be teleported.
You are immune to unholy pain and torment.
Your maximum health is greatly increased.
You cannot wear most types of armour.
((You are amphibious.))
You can wear up to eight rings at the same time.
((Your skin changes colour to match your surroundings (Stealth+).))
((Your rubbery body absorbs attacks. (AC +1, EV +1)))
((You are camouflaged when in or above water. (Stealth+)))
((You have tentacles for arms and can constrict up to eight enemies at once.))
You passively map a small area around you.
You do not regenerate when monsters are visible.
Your muscles are strong. (Str +4, Int/Dex -1)
Your spells are a little harder to cast, but a little more powerful.


Message History

Unknown command.
The jackal attacks as you move away! The jackal misses you.
The jackal attacks as you move away! The jackal barely misses you.
The jackal misses you.
You tentacle-slap the jackal. You grab the jackal.
The jackal is heavily wounded.
You constrict the jackal. The jackal misses you. The jackal barely misses you.
The jackal bites you.
* * * LOW HITPOINT WARNING * * *
Unknown command.
Really quaff the potion of lignification?
Your tentacle spike disappears.
You turn into a tree.
Your roots penetrate the ground.
You lose your grip on the jackal.
The jackal bites you but does no damage. x2
Unknown command.
You closely miss the jackal.
The jackal is severely wounded.
The jackal bites you.
* * * LOW HITPOINT WARNING * * *
The jackal bites you but does no damage. x2
You smack the jackal!
You kill the jackal!
The jackal bites you.
* * * LOW HITPOINT WARNING * * *
The jackal bites you but does no damage.
You have reached level 5!
You feel agile.
You completely miss the jackal.
Unknown command.
You hit the jackal but do no damage.
The jackal bites you but does no damage. x2
Unknown command.
You smack the jackal!
You kill the jackal!
The jackal bites you but does no damage. x2
You closely miss the jackal.
The jackal bites you but does no damage.
You barely miss the jackal. Your punch misses the jackal. The jackal bites you.
You die...

#.# ........# # , *
#.## ...>.....### * * ,
###..##............ **
#......###.#####.#. ,
#....(.###? ###.... , *
#.......#..##..>#.. ,
,, *#.(..(....##.......
, * #......#..##...####
* #.♣†...#......## , *
#..##h##.##.....# * ,
##.##.##........# * *
..#......†.#.#.# ,+ , ,
...............#... , ,
hh.................###
, ,
.....#........#######.#
..###.#........#
####...
...........###.'....


You could see a jackal.

Vanquished Creatures
  Jessica (D:3)
  3 adders
  A worm (D:3)
  5 dart slugs
  4 bats
  5 endoplasms
  4 giant cockroaches
  8 goblins
  4 hobgoblins
  3 jackals (D:3)
  A quokka (D:1)
  3 frilled lizards
  A kobold (D:1)
  7 rats
50 creatures vanquished.

Notes
Turn   | Place    | Note
-------+----------+-------------------------------------------
     0 | D:1      | Icepheonix32 the Octopode Transmuter began the quest for
                  | the Orb.
     0 | D:1      | Reached XP level 1. HP: 13/13 MP: 3/3
   170 | D:1      | Reached XP level 2. HP: 12/18 MP: 5/5
   622 | D:1      | Found a faded altar of an unknown god.
  1201 | D:1      | Reached XP level 3. HP: 23/23 MP: 4/6
  1589 | D:2      | Found Urey's Antique Armour Emporium.
  2013 | D:2      | Reached XP level 4. HP: 20/28 MP: 7/7
  2450 | D:2      | Gained mutation: Your muscles are strong. (Str +4, Int/Dex
                  | -1) [potion of mutation]
  2450 | D:2      | Gained mutation: You passively map a small area around you.
                  | [potion of mutation]
  2450 | D:2      | Gained mutation: You do not regenerate when monsters are
                  | visible. [potion of mutation]
  2450 | D:2      | Gained mutation: Your spells are a little harder to cast,
                  | but a little more powerful. [potion of mutation]
  2517 | D:3      | Learned a level 3 spell: Spider Form
  2520 | D:3      | Learned a level 2 spell: Wereblood
  2607 | D:3      | Reached skill level 4 in Unarmed Combat
  2814 | D:3      | Noticed Jessica
  2821 | D:3      | Killed Jessica
  2919 | D:3      | HP: 1/42 [jackal (2)]
  2920 | D:3      | Reached XP level 5. HP: 1/33 MP: 8/8
  2924 | D:3      | Slain by a jackal

Illustrated notes

Levels and vault maps discovered:
D:1:      onia_arrival_pyramid, layout_loops_corners, serial_rivers,
          chequers_serial_rivers_room_a, chequers_serial_rivers_small_b,
          chequers_serial_rivers_marsh, chequers_serial_rivers_small_b,
          chequers_serial_rivers_micro_b, chequers_serial_rivers_room_a,
          shapermc_ecumenical_altar_acropolis
D:2:      layout_basic, serial_shops, nicolae_square_shop, serial_glass,
          glass_columns_c, glass_columns_a
D:3:      layout_rooms, nicolae_hexahallways, uniq_jessica

Skill      XL: |  1  2  3  4 |
---------------+-------------+-----
Transmutations | 3 |  3.3
Unarmed Combat | 4 |  4.1
Fighting       | |  1.0
Dodging        | |  2.8
Spellcasting   | |  2.0
Poison Magic   | |  0.6

Action                   |  1- 3 |  4- 6 || total
-------------------------+-------+-------++-------
Melee: Unarmed           |    74 |    35 ||   109
       Constrict         |    17 |    12 ||    29
       Kick              |    11 |    10 ||    21
       Tentacles         |    13 |     6 ||    19
 Cast: Beastly Appendage |    18 |     7 ||    25
  Use: Scroll            |       |     6 ||     6
       Potion            |       |     5 ||     5
 Stab: Sleeping          |     9 |     5 ||    14
Armor: Skin              |     9 |    11 ||    20
Dodge: Dodged            |    37 |    17 ||    54
